 Dungeon Crawl Stone Soup version 0.23-a0-338-g8ff0b24 (webtiles) character file.

263 MisterFreud the Chopper (level 5, -11/46 HPs)
             Began as a Deep Dwarf Fighter on Oct 18, 2018.
             Mangled by an ogre
             ... wielding a +0 giant spiked club
              (13 damage)
             ... on level 4 of the Dungeon.
             The game lasted 00:05:11 (2323 turns).

MisterFreud the Chopper (Deep Dwarf Fighter)        Turns: 2323, Time: 00:05:12

Health: -11/46     AC:  7    Str: 20    XL:     5   Next: 97%
Magic:  4/4        EV:  6    Int:  9    God:
Gold:   202        SH:  8    Dex: 12    Spells: 4/4 levels left

rFire    . . .     SeeInvis .   a - +0 war axe
rCold    . . .     Gourm    .   c - +0 shield
rNeg     . . .     Faith    .   b - +0 scale mail
rPois    +         Spirit   .   (no helmet)
rElec    .         Reflect  .   p - +0 cloak
rCorr    +         Harm     .   (no gloves)
MR       .....                  (no boots)
Stlth    ..........             (no amulet)
HPRegen  0.00/turn              n - ring of poison resistance
MPRegen  0.09/turn              l - ring of resist corrosion

@: non-regenerating, heavily drained
A: damage resistance, heal wounds, sense surroundings 1, no regeneration
a: Heal Wounds


You were on level 4 of the Dungeon.
You were not hungry.

You visited 1 branch of the dungeon, and saw 4 of its levels.

You collected 202 gold pieces.

Inventory:

Hand Weapons
 a - a +0 war axe (weapon)
Missiles
 g - 103 stones (quivered)
 v - 18 sling bullets
Armour
 b - a +0 scale mail (worn)
 c - a +0 shield (worn)
 p - a +0 cloak (worn)
Jewellery
 l - a ring of resist corrosion (right hand)
 n - a ring of poison resistance (left hand)
Wands
 s - a wand of digging (13)
Scrolls
 e - 2 scrolls of remove curse
 i - a scroll of noise
 j - 2 scrolls of magic mapping
 m - a scroll of teleportation
 r - a scroll of fog
Potions
 d - a potion of might
 k - 2 potions of brilliance
 q - a potion of agility {unknown}
 t - a potion of magic {unknown}
Comestibles
 f - 7 rations
 h - 4 chunks of flesh


   Skills:
 - Level 2.6(1.2) Fighting
 + Level 6.9(5.3) Axes
 - Level 3.2(1.8) Armour
 - Level 3.2(1.8) Shields


You had 4 spell levels left.
You didn't know any spells.
Your spell library was empty.

Dungeon Overview and Level Annotations

Branches:
Dungeon (4/15)
 Temple: D:4-7

Altars:


Innate Abilities, Weirdness & Mutations

You are resistant to damage.
You can heal yourself by infusing magical energy.
You passively map a small area around you.
You do not regenerate.


Message History

You barely miss the ogre.
The ogre is lightly wounded.
The ogre hits you with a +0 giant spiked club!
You slash the ogre!
The ogre is heavily wounded.
The ogre barely misses you.
You hit the ogre.
The ogre is heavily wounded.
The ogre closely misses you.
You hit the ogre.
The ogre is severely wounded.
The ogre barely misses you.
You hit the ogre but do no damage.
The ogre is severely wounded.
The ogre hits you with a +0 giant spiked club!
* * * LOW HITPOINT WARNING * * *
You hit the ogre.
The ogre is severely wounded.
The ogre hits you with a +0 giant spiked club!
You die...

,
###.########
, #.# , #.#
* , #.# * ,
* #.# #.#
,*, #.# ,* *
, #.#* * #@#
* ,
#.O......
####.#### *
, , # * *


You could see an ogre.

Vanquished Creatures
  Jessica (D:3)
  Ijyb (D:3)
  Natasha (thrice) (D:3)
  Terence (D:2)
  3 adders
  2 oozes
  3 leopard geckos
  2 orcs
  3 giant cockroaches
  9 hobgoblins
  3 jackals (D:2)
  A ball python (D:2)
  11 bats
  8 frilled lizards
  7 goblins
  10 kobolds
  13 rats
81 creatures vanquished.

Notes
Turn   | Place    | Note
-------+----------+-------------------------------------------
     0 | D:1      | MisterFreud the Deep Dwarf Fighter began the quest for the
                  | Orb.
     0 | D:1      | Reached XP level 1. HP: 20/20 MP: 1/1
   150 | D:1      | Reached skill level 3 in Axes
   150 | D:1      | Reached XP level 2. HP: 25/27 MP: 2/2
   811 | D:2      | Reached XP level 3. HP: 24/33 MP: 3/3
   815 | D:2      | Reached skill level 4 in Axes
   903 | D:2      | Noticed Terence
   911 | D:2      | Killed Terence
   973 | D:2      | Reached XP level 4. HP: 29/40 MP: 4/4
  1102 | D:2      | Reached skill level 5 in Axes
  1429 | D:3      | Noticed Ijyb
  1441 | D:3      | Killed Ijyb
  1474 | D:3      | Reached XP level 5. HP: 26/46 MP: 5/5
  1581 | D:3      | Noticed Jessica
  1584 | D:3      | Noticed Natasha
  1596 | D:3      | Reached skill level 6 in Axes
  1602 | D:3      | Killed Natasha
  1611 | D:3      | Killed Jessica
  1806 | D:3      | Noticed Natasha
  1811 | D:3      | Killed Natasha
  2022 | D:3      | Noticed Natasha
  2030 | D:3      | Killed Natasha
  2316 | D:4      | Noticed an ogre
  2322 | D:4      | HP: 2/46 [ogre/+0 giant spiked club (15)]
  2323 | D:4      | Mangled by an ogre

Vault maps used:
D:1:      minmay_arrival_up_and_down
D:2:      minmay_heptomino_w4, uniq_terence
D:3:      uniq_ijyb, uniq_jessica, uniq_natasha
D:4:      uniq_crazy_yiuf_cottage

Skill      XL: |  1  2  3  4  5 |
---------------+----------------+-----
Axes           | 3 4 5 6 |  6.9
Fighting       | |  2.6
Armour         | |  3.2
Shields        | |  3.2

Action                   |  1- 3 |  4- 6 || total
-------------------------+-------+-------++-------
Melee: War axe           |   106 |   125 ||   231
Throw: Stone             |       |     3 ||     3
 Abil: Heal Wounds       |       |     1 ||     1
  Use: Scroll            |       |     8 ||     8
  Eat: Chunk             |       |     5 ||     5
Armor: Scale mail        |    50 |    52 ||   102
Dodge: Dodged            |    34 |    36 ||    70
Block: Shield            |    72 |    53 ||   125

Table legend:
 A = Non-vault XP
 B = Vault XP
 C = Vault XP percentage of total XP
 D = Non-vault monster count
 E = Vault monster count
 F = Vault count percentage of total count
                 A         B        C        D         E       F
            +---------+---------+-------+---------+---------+-------
      Total |     223 |     153 |  40.7 |      71 |      10 |  12.3
            +---------+---------+-------+---------+---------+-------
        D:1 |      34 |       0 |   0.0 |      21 |       0 |   0.0
        D:2 |      75 |      44 |  37.0 |      26 |       7 |  21.2
        D:3 |     111 |     109 |  49.5 |      23 |       3 |  11.5
        D:4 |       3 |       0 |   0.0 |       1 |       0 |   0.0
            +---------+---------+-------+---------+---------+-------
